Map: Catalyst LE

Players

Marcusromius - Winner!

  • Race: Terran Terran
  • League: Platinum
  • Spawn Location: 11:00

Conrad

  • Race: Protoss Protoss
  • League: Platinum
  • Spawn Location: 5:00

VOD

Have the link to the VOD?

Description

Time

  • Played on: June 16, 2018, 8:43 a.m.
  • Length: 12:21
Show
View Real Time Build Order
Export as new Build Order

Marcusromius Terran - Winner!

Build Orders: Reaper Expand 

Get SALT Encoding   

  12  0:01  SCV  
  13  0:13  SCV  
  14  0:18  Supply Depot  
  14  0:25  SCV  
  15  0:39  SCV  
  16  0:43  Barracks  
  16  0:47  Refinery  
  16  0:52  SCV  
  17  1:04  SCV  
  18  1:17  SCV  
  19  1:31  Reaper  
  19  1:32  Orbital Command  
  20  1:51  Command Center  
  20  1:55  Supply Depot  
  20  1:58  SCV  
  21  2:08  Barracks Reactor  
  21  2:14  Barracks  
  21  2:17  SCV  
  22  2:31  Bunker  
  22  2:38  SCV  
  22  2:43  Bunker  
  23  2:44  Marine  
  23  2:45  Marine  
  23  2:50  SCV  
  23  2:51  Refinery  
  26  2:57  Factory  
  26  3:02  Marine  
  27  3:08  Orbital Command  
  27  3:21  SCV, Marine  
  29  3:28  Barracks Tech Lab  
  29  3:45  Factory Tech Lab  
  29  3:50  SCV, Marine  
  29  3:51  Marine  
  29  3:52  Starport  
  32  3:56  Supply Depot  
  32  4:22  Siege Tank  
  35  4:25  Marine x2  
  35  4:26  Marine  
  35  4:29  Medivac  
  40  4:38  Engineering Bay  
  40  4:53  Marine  
  40  4:54  Marine x2  
  43  5:01  Siege Tank  
  46  5:08  Orbital Command  
  46  5:11  Marine  
  46  5:14  Marine x2  
  47  5:15  SCV  
  50  5:42  Marine  
  50  5:43  Marine  
  50  5:44  Marine  
  51  6:07  SCV  
  51  6:08  SCV  
  45  6:30  Marine x2  
  40  6:44  SCV  
  40  6:45  SCV  
  40  6:51  Marine  
  41  6:56  SCV  
  36  7:05  Marine x2  
  38  7:09  Marine  
  38  7:13  Missile Turret  
  38  7:14  Missile Turret  
  38  7:15  SCV x2  
  41  7:22  Marine  
  41  7:23  Marine  
  41  7:26  Marine  
  41  7:27  SCV x2  
  45  7:39  SCV  
  45  7:40  Marine x2  
  47  7:44  Marine  
  47  7:48  Siege Tank  
  47  7:49  Medivac  
  50  7:51  SCV  
  50  7:53  Stimpack, SCV  
  50  7:58  Marine  
  52  8:00  Marine  
  54  8:10  SCV  
  54  8:11  Marine  
  54  8:16  Marine  
  54  8:30  Medivac, SCV x2, Marine x2  
  54  8:31  Supply Depot  
  54  8:33  Supply Depot  
  60  8:45  Missile Turret, Marine, SCV  
  60  8:48  Missile Turret x2  
  62  8:53  Missile Turret, SCV, Siege Tank, Marine  
  67  8:57  SCV, Marine  
  67  9:00  Medivac  
  71  9:05  Marine  
  71  9:06  SCV  
  73  9:15  SCV, Marine  
  75  9:21  SCV  
  75  9:22  Marine  
  75  9:23  Supply Depot x2, Refinery  
  77  9:24  Refinery  
  77  9:25  Marine  
  77  9:28  Missile Turret  
  77  9:30  Terran Infantry Weapons Level 1  
  78  9:33  SCV  
  78  9:36  Marine  
  78  9:37  SCV  
  80  9:45  SCV  
  77  9:53  Combat Shields  
  71  10:04  Marine x2  
  71  10:05  Marine  
  72  10:09  Supply Depot  
  72  10:14  Supply Depot, Missile Turret  
  68  10:22  Marine  
  61  10:43  Marine  
  61  10:44  SCV, Marine x2  
  61  10:46  Siege Tank  
  61  10:47  SCV  
  69  10:52  Barracks  
  69  10:53  Barracks  
  69  10:56  Barracks  
  69  10:57  Command Center  
  69  11:00  Starport Reactor, Marine  
  69  11:02  Marauder  
  72  11:05  SCV, Marine  
  72  11:07  SCV  
  75  11:18  SCV  
  76  11:20  SCV, Marine  
  76  11:23  Concussive Shells  
  76  11:24  Siege Tank, Marine  
  82  11:28  Engineering Bay  
  82  11:30  SCV  
  82  11:32  Armory  
  83  11:38  Marine  
  83  11:39  Marine  
  84  11:40  Medivac x2  
  84  11:44  Barracks Tech Lab x2, Barracks Reactor  
Show
View Real Time Build Order
Export as new Build Order

Conrad Protoss 

Build Orders:  

Get SALT Encoding   

  12  0:08  Probe  
  13  0:22  Pylon  
  13  0:26  Probe  
  14  0:39  Probe  
  14  0:42  Gateway  
  15  0:47  Assimilator  
  15  0:51  Probe  
  16  0:57  Gateway  
  16  0:59  Probe  
  17  1:07  Assimilator  
  17  1:08  Probe  
  17  1:17  Probe  
  19  1:30  Cybernetics Core  
  19  1:33  Probe  
  20  1:40  Pylon  
  20  1:47  Pylon  
  20  1:49  Probe  
  21  2:01  Probe  
  21  2:08  Stalker  
  24  2:10  Warp Gate  
  24  2:13  Stalker  
  26  2:24  Probe  
  27  2:37  Stalker  
  27  2:43  Stalker  
  31  2:53  Pylon  
  31  3:07  Stalker  
  31  3:11  Pylon  
  33  3:13  Stalker  
  35  3:33  Stargate  
  35  4:02  Nexus, Shield Battery  
  35  4:29  Oracle  
  38  4:42  Forge  
  38  4:49  Pylon  
  38  5:06  Oracle  
  41  5:21  Gateway  
  41  5:24  Gateway  
  41  5:27  Gateway  
  41  5:33  Oracle  
  41  5:36  Robotics Facility  
  39  6:05  Stalker x2  
  39  6:10  Oracle  
  26  6:48  Stalker x2  
  30  7:08  Probe  
  31  7:11  Assimilator  
  31  7:13  Assimilator  
  31  7:18  Pylon  
  27  7:49  Stalker x2  
  18  8:26  Photon Cannon  
  18  8:27  Photon Cannon  
  18  8:28  Shield Battery  
  18  8:32  Probe  
  18  8:35  Probe, Pylon  
  18  8:38  Pylon  
  18  8:40  Probe  
  20  8:43  Probe  
  22  8:50  Probe  
  22  8:52  Probe  
  23  8:59  Photon Cannon  
  23  9:02  Probe  
  25  9:03  Probe  
  25  9:06  Protoss Ground Weapons Level 1  
  26  9:14  Probe  
  27  9:19  Warp Prism  
  29  9:25  Twilight Council  
  29  9:26  Probe  
  29  9:30  Probe  
  31  9:39  Stalker  
  31  9:44  Stalker  
  23  9:58  Stalker  
  21  10:23  Stalker x2  
  15  10:52  Probe  
  16  11:07  Probe  
  17  11:19  Probe  
  17  11:23  Probe  
  11  11:42  Probe x2  
  13  11:50  Probe x2  
  13  12:10  Gateway  
Tags
 
Add a new tag
Caveats
  • Supply blocks, unpowered buildings, or Contaminate may cause inaccurate times.
  • Supply counts are checked every 10 seconds.